 Dungeon Crawl Stone Soup version 0.31-a0-803-g95b03c3367 (webtiles) character file.

Game seed: 18186691448659166292

244 MackTheKnife the Slasher (level 6, -3/53 HPs)
             Began as a Meteoran Wanderer on Sept 20, 2023.
             Slain by an ogre
             ... wielding a +0 giant spiked club
              (10 damage)
             ... on level 5 of the Dungeon.
             The game lasted 00:03:28 (1322 turns).

MackTheKnife the Slasher (Meteoran Wanderer)        Turns: 1322, Time: 00:03:28

Health: -3/53      AC:  6    Str: 10    XL:     6   Next: 58%
Magic:  9/9        EV:  9    Int: 14    God:
Gold:   92         SH:  5    Dex: 19    Spells: 7/7 levels left

rFire   + + .        a - +3 falchion {long}
rCold   + . .        (no shield)
rNeg    . . .        k - +0 ring mail
rPois   .            v - +0 hat
rElec   .            (no cloak)
rCorr   .            (no gloves)
SInv    .            p - +0 pair of boots
Will    .....        s - amulet of Elitism {Reflect rF++ SH+5}
Stlth   +            i - ring of protection from cold
HPRegen 0.28/turn    (no ring)
MPRegen 0.11/turn

%: reflection
@: mighty, glowing
A: sense surroundings 1, otherworldly, glowing, explore regen
a: no special abilities


You were on level 5 of the Dungeon.
You visited 1 branch of the dungeon, and saw 5 of its levels.

You collected 92 gold pieces.


Innate Abilities, Weirdness & Mutations

You passively map a small area around you.
You are easily found by Zot.
You glow in the dark.
You regain HP and MP as you explore.


   Skills:
 + Level 4.6 Fighting
 + Level 5.5 Long Blades
 - Level 1.2 Staves
 - Level 3.6 Throwing
 - Level 1.1 Armour
 - Level 1.0 Stealth
 - Level 1.3 Spellcasting


You had 7 spell levels left.
You didn't know any spells.
Your spell library contained the following spells:

 Spells                   Type           Power      Damage    Failure   Level
 Call Canine Familiar     Summ           0%         N/A       88%         3
 Sigil of Binding         Hex            0%         N/A       88%         3
 Dimensional Bullseye     Hex/Tloc       0%         N/A       99%         4
 Leda's Liquefaction      Hex/Erth       0%         N/A       99%         4

Inventory:

Hand Weapons
 a - a +3 falchion (weapon) {long}
 y - a +3 whip {mace}
   (You took it off an orc on level 3 of the Dungeon)
Missiles
 c - 10 boomerangs (quivered) {throwing}
 t - 8 poisoned darts {throwing}
Armour
 f - a +0 robe
 k - a +0 ring mail (worn)
   (You found it on level 2 of the Dungeon)
 p - a +0 pair of boots (worn)
   (You found it on level 2 of the Dungeon)
 v - a +0 hat (worn)
   (You found it on level 3 of the Dungeon)
Jewellery
 i - a ring of protection from cold (left hand)
   (You found it on level 2 of the Dungeon)
 s - the amulet of Elitism (around neck) {Reflect rF++ SH+5}
   (You found it on level 2 of the Dungeon)

   [amulet of reflection]

   Reflect:   It reflects blocked missile attacks.
   rF++:      It greatly protects you from fire.
   SH+5:      It affects your SH (+5).
Scrolls
 q - a scroll of enchant weapon
Potions
 g - 2 potions of might
 h - a potion of cancellation {unknown}
 j - a potion of heal wounds {unknown}
 m - 2 potions of curing {@q1}
 n - a potion of berserk rage {unknown}
 r - 2 potions of resistance {unknown}
 w - a potion of ambrosia {unknown}
 x - a potion of magic {unknown}

Dungeon Overview and Level Annotations

Branches:
Dungeon (5/15) Zot: 1682
 Temple: D:4-7

Altars:

Annotations:
D:2 1 runed translucent door, Crazy Yiuf
D:4 Edmund

## *** ###..######..#
*,***,* .#########...##
**,* *,**,,*
)............# *,*
*,,,,** ............##
**,* *,,,,*
.............### *,,*
**,<**
####...........###**,**
****
##........#...#*,,*
#.......#####O#*,,**
******* ##.###..##
#@#**,,*****,,,,,,
##.####..# #.#
**,,,,,,,,,,,,
#..###..## #.#
**********,,< #.###..##
#.# *** **,,
##<##..######
#.#***,**** *,,,
##....#######
#..,,,,,,,** **,,,
###...#######
##.,,,,,,,,***,,,*
##...^.###.##
*#,,****,,**,,,**
#..###......## *,,*
****,,,**


You could see an ogre.


Message History

An iguana comes into view.
As you read the scroll labelled HONIASECLEC, it crumbles to dust.
It is a scroll of enchant weapon.
Your +2 falchion {long} glows red for a moment.
You drop a +0 quarterstaff {staff}.
You drop a +0 dagger {short}.
The iguana bites you!
You stop dropping stuff. 😕 HP[-10]
You take 10 damage, and now have 35/45 hp.
MASSIVE DAMAGE!! (PAUSE)
You hit the iguana.
The iguana bites you but does no damage.
Unknown command.
You hit the iguana but do no damage. The iguana barely misses you.
You slash the iguana!
The iguana bites you but does no damage. 😕 HP[+1] Unknown command.
You hit the iguana. The iguana closely misses you.
You hit the iguana.
You kill the iguana! 😕 HP[+1]
You now have 46 max hp (+1).
Unknown command.
You see here an iguana corpse. 😕 HP[+5]
You regained 5 hp, and now have 42/46 hp. 😕 HP[+1] 😎 HP[+3]
Your hp is fully restored (46).
b - a scroll labelled ZOUVUI YSUNTYF
As you read the scroll labelled ZOUVUI YSUNTYF, it crumbles to dust.
You feel aware of your surroundings.
It was a scroll of revelation.
Okay, then.
Unknown command.
Unknown command.
As you read the scroll labelled NIPOIXZ ZOCAXU, it crumbles to dust.
You feel strangely unstable.
It was a scroll of teleportation.
As you read the scroll labelled XOFEOCROKKA, it crumbles to dust.
You assume a fearsome visage.
Nothing appears to happen.
It was a scroll of fear.
Unknown command.
As you read the scroll labelled PANICUPOUG, it crumbles to dust.
You hear the flapping of tiny wings.
It was a scroll of butterflies.
As you read the scroll labelled AWEOGO QUCZA, it crumbles to dust.
It is a scroll of identify.
m - 2 potions of curing Your surroundings suddenly seem different.
Found a stone staircase leading up.
A hound comes into view.
The hound barks!
A hound is nearby!
Unknown command.
An ogre comes into view. It is wielding a +0 giant club.
An ogre comes into view. It is wielding a +0 giant spiked club.
The ogre shouts!
You hit the hound.
The hound bites you but does no damage. x2
You slash the hound! The hound barely misses you.
Unknown command.
You aren't carrying any items that you can evoke.
Unknown command.
You hit the hound.
You kill the hound!
The ogre hits you with a +0 giant club!
Your Fighting skill increases to level 4!
Your Long Blades skill increases to level 5!
You have reached level 6!
You feel clever. 😮 HP[-9] MP[+1]
You now have 52 max hp (+6).
You take 9 damage, and now have 37/52 hp.
Your mp is fully restored (9).
Unknown command.
The ogre attacks as it pursues you!
The ogre hits you with a +0 giant club!!
Ouch! That really hurt!
* * * LOW HITPOINT WARNING * * *
😱 HP[-27]
You take 27 damage, and now have 10/52 hp.
MASSIVE DAMAGE!! (PAUSE) 😱 HP[+1] 😱 HP[+1] 😱 HP[+1]
The ogre attacks as it pursues you! The ogre barely misses you.
It was a potion of might.
You feel very mighty all of a sudden.
You slash the ogre! The ogre barely misses you. 😨 HP[+1]
You slash the ogre!
You kill the ogre!
You now have 53 max hp (+1).
You slash the ogre!
The ogre hits you with a +0 giant spiked club!
* * * LOW HITPOINT WARNING * * *
😱 HP[-7]
You take 7 damage, and now have 7/53 hp.
You hit the ogre. You barely miss the ogre.
The ogre hits you with a +0 giant spiked club!
You die...

Skill      XL: |  1  2  3  4  5 |
---------------+----------------+-----
Long Blades    | 3 4 5 |  5.5
Fighting       | 2 3 4 |  4.6
Staves         | |  1.2
Throwing       | |  3.6
Armour         | |  1.1
Stealth        | |  1.0
Spellcasting   | |  1.3

Action                     |  1- 3 |  4- 6 || total
---------------------------+-------+-------++-------
  Melee: Falchion          |    62 |    59 ||   121
         Punch             |     1 |       ||     1
    Use: Scroll            |       |     6 ||     6
         Potion            |       |     2 ||     2
   Stab: Sleeping          |     1 |       ||     1
 Armour: Robe              |     6 |       ||     6
         Ring mail         |    12 |    26 ||    38
  Dodge: Dodged            |    26 |    25 ||    51
  Block: Other             |     5 |    13 ||    18
         Reflection        |       |     2 ||     2

Levels and vault maps discovered:
D:1:      pf_arrival_petrified_forest, layout_rooms
D:2:      layout_basic, uniq_crazy_yiuf_cottage
D:3:      layout_basic, minmay_misc_feat_tiny
D:4:      layout_layer_cave, serial_forest, infiniplex_forest_zigzag_1,
          infiniplex_forest_lined_corner, infiniplex_forest_straight_2,
          infiniplex_forest_lined_2, infiniplex_forest_clump_double,
          infiniplex_forest_end_3, minmay_increasing_density, uniq_duvessa,
          uniq_edmund, uniq_eustachio
D:5:      layout_layer_cave

Notes
Turn   | Place    | Note
-------+----------+-------------------------------------------
     0 | D:1      | MackTheKnife the Meteoran Wanderer began the quest for the
                  | Orb.
     0 | D:1      | MackTheKnife set off with the following items: a +2
                  | falchion {long}, a +0 quarterstaff {staff}, 10 boomerangs
                  | {throwing}, a +0 dagger {short}, a potion of haste {@q3}, a
                  | +0 robe.
     0 | D:1      | Reached XP level 1. HP: 16/16 MP: 3/3
     0 | D:1      | magus.rc [v1.9.6]
    31 | D:1      | Reached XP level 2. HP: 23/23 MP: 5/5
   109 | D:2      | You pick up a book of the Hunter and begin reading...
   109 | D:2      | You add the spells Sigil of Binding, Call Canine Familiar,
                  | Dimensional Bullseye and Leda's Liquefaction to your
                  | library.
   156 | D:2      | Reached skill level 3 in Long Blades
   215 | D:2      | Reached skill level 2 in Fighting
   277 | D:2      | Reached XP level 3. HP: 29/29 MP: 6/6
   471 | D:2      | Identified the amulet of Elitism {Reflect rF++ SH+5}
   529 | D:2      | Found a runed translucent door.
   530 | D:2      | Noticed Crazy Yiuf
   533 | D:2      | magus.rc [v1.9.6]
   690 | D:3      | Reached XP level 4. HP: 36/37 MP: 7/7
   867 | D:3      | Reached skill level 3 in Fighting
   867 | D:3      | Reached skill level 4 in Long Blades
  1105 | D:4      | Reached XP level 5. HP: 44/45 MP: 8/8
  1118 | D:4      | Noticed Edmund
  1144 | D:4      | HP: 11/45 [poisoned by Edmund]
  1149 | D:4      | HP: 6/45 [poisoned by Edmund]
  1191 | D:5      | Entered Level 5 of the Dungeon
  1301 | D:5      | Noticed an ogre
  1302 | D:5      | Noticed an ogre
  1306 | D:5      | Reached skill level 4 in Fighting
  1306 | D:5      | Reached skill level 5 in Long Blades
  1306 | D:5      | Reached XP level 6. HP: 37/52 MP: 9/9
  1307 | D:5      | HP: 10/52 [ogre/+0 giant club (28)]
  1319 | D:5      | Killed an ogre
  1320 | D:5      | HP: 7/53 [ogre/+0 giant spiked club (8)]
  1322 | D:5      | Slain by an ogre

Vanquished Creatures
  An ogre (D:5)
  2 hounds
  An iguana (D:5)
  An orc wizard (D:3)
  An adder (D:2)
  A dart slug (D:2)
  5 orcs
  A ball python (D:2)
  8 endoplasms
  A giant cockroach (D:3)
  A goblin (D:4)
  5 hobgoblins
  7 kobolds
  A quokka (D:2)
  2 bats
  3 frilled lizards
  3 rats
44 creatures vanquished.

Table legend:
 A = Non-vault XP
 B = Vault XP
 C = Vault XP percentage of total XP
 D = Non-vault monster count
 E = Vault monster count
 F = Vault count percentage of total count
                 A         B        C        D         E       F
            +---------+---------+-------+---------+---------+-------
      Total |     349 |       0 |   0.0 |      44 |       0 |   0.0
            +---------+---------+-------+---------+---------+-------
        D:1 |      10 |       0 |   0.0 |       6 |       0 |   0.0
        D:2 |      41 |       0 |   0.0 |      17 |       0 |   0.0
        D:3 |      60 |       0 |   0.0 |      13 |       0 |   0.0
        D:4 |      48 |       0 |   0.0 |       4 |       0 |   0.0
        D:5 |     190 |       0 |   0.0 |       4 |       0 |   0.0
            +---------+---------+-------+---------+---------+-------

Skill      XL: |  1  2  3  4  5 |
---------------+----------------+-----
Long Blades    | 3 4 5 |  5.5
Fighting       | 2 3 4 |  4.6
Staves         | |  1.2
Throwing       | |  3.6
Armour         | |  1.1
Stealth        | |  1.0
Spellcasting   | |  1.3

Action                     |  1- 3 |  4- 6 || total
---------------------------+-------+-------++-------
  Melee: Falchion          |    62 |    59 ||   121
         Punch             |     1 |       ||     1
    Use: Scroll            |       |     6 ||     6
         Potion            |       |     2 ||     2
   Stab: Sleeping          |     1 |       ||     1
 Armour: Robe              |     6 |       ||     6
         Ring mail         |    12 |    26 ||    38
  Dodge: Dodged            |    26 |    25 ||    51
  Block: Other             |     5 |    13 ||    18
         Reflection        |       |     2 ||     2

Illustrated notes

Table legend:
 A = Kills in this place as a percentage of kills in the entire game.
 B = Kills by you in this place as a percentage of kills by you in the entire game.
 C = Kills by friends in this place as a percentage of kills by friends in the entire game.
 D = Other kills in this place as a percentage of other kills in the entire game.
 E = Experience gained in this place as a percentage of experience gained in the entire game.
 F = Experience gained in this place divided by the number of levels of this place that you have seen.
                   A       B       C       D       E      F
               +-------+-------+-------+-------+-------+----------------------
         Total | 100.0 | 100.0 |   N/A |   N/A | 100.0 |  69.8
       Dungeon | 100.0 | 100.0 |   N/A |   N/A | 100.0 |  69.8
               +-------+-------+-------+-------+-------+----------------------

Table legend: (Time is in decaauts)
 A = Elapsed time spent in this place.
 B = Non-inter-level travel time spent in this place.
 C = Inter-level travel time spent in this place.
 D = Time resting spent in this place.
 E = Time spent auto-exploring this place.
 F = Levels seen in this place.
 G = Mean time per level.
                   A        B        C        D        E       F      G
               +--------+--------+--------+--------+--------+-----+--------+
         Total |   1316 |   1275 |     41 |     66 |    772 |   5 |  263.2 |
       Dungeon |   1316 |   1275 |     41 |     66 |    772 |   5 |  263.2 |
               +--------+--------+--------+--------+--------+-----+--------+

Top non-repeatable levels by time:
     D:2: 582 daAuts
     D:3: 426 daAuts
     D:5: 128 daAuts
     D:4: 113 daAuts
     D:1: 65 daAuts
